 Dungeon Crawl Stone Soup version 0.29-a0-887-gcbe080d7e0 (webtiles) character file.

Game seed: 12260801967231622484

1144 iguanaiguana the Trooper (level 8, -2/70 HPs)
             Began as a Minotaur Fighter on July 22, 2022.
             Was an Initiate of Gozag.
             Slain by a two-headed ogre
             ... wielding a +0 giant spiked club
              (23 damage)
             ... on level 6 of the Dungeon.
             The game lasted 00:03:06 (5599 turns).

iguanaiguana the Trooper (Minotaur Fighter)         Turns: 5599, Time: 00:03:07

Health: -2/70      AC: 15    Str: 23    XL:     8   Next: 15%
Magic:  7/7        EV:  9    Int:  5    God:    Gozag
Gold:   242        SH:  5    Dex: 10    Spells: 7/7 levels left

rFire   . . .      SeeInvis .   a - +0 war axe
rCold   . . .      Faith    +   c - +0 buckler
rNeg    . . .      Spirit   .   p - +0 chain mail
rPois   +          Reflect  .   (helmet restricted)
rElec   .          Harm     .   u - +0 cloak
rCorr   .          Rampage  .   (no gloves)
Will    .....                   (no boots)
Stlth   ..........              z - amulet of faith
HPRegen 0.21/turn               s - ring of poison resistance
MPRegen 0.10/turn               x - +4 ring of protection

@: no status effects
A: horns 2, retaliatory headbutt
a: Renounce Religion, Potion Petition, Call Merchant, Bribe Branch


You were on level 6 of the Dungeon.
You worshipped Gozag.
Gozag was aware of your devotion.
You visited 2 branches of the dungeon, and saw 7 of its levels.

You collected 354 gold pieces.
You paid 112 gold pieces to Gozag.

Inventory:

Hand Weapons
 a - a +0 war axe (weapon)
Missiles
 r - 6 poisoned darts (quivered)
Armour
 b - a +0 scale mail
 c - a +0 buckler (worn)
 p - a +0 chain mail (worn)
 u - a +0 cloak (worn)
 B - a +0 kite shield
Jewellery
 s - a ring of poison resistance (left hand)
 x - a +4 ring of protection (right hand)
 z - an amulet of faith (around neck)
Wands
 q - a wand of mindburst (13)
Scrolls
 e - a scroll of amnesia {unknown}
 f - 3 scrolls of identify {@r1}
 h - 2 scrolls of magic mapping {@r5}
 i - a scroll of vulnerability {unknown}
 j - a scroll of blinking {unknown}
 m - 3 scrolls of teleportation {unknown}
 o - 4 scrolls of immolation {unknown}
 v - 2 scrolls of butterflies {unknown}
 w - a scroll of fear {unknown}
 y - a scroll of summoning {unknown}
 A - a scroll of poison {unknown}
Potions
 d - 3 potions of might {@q3}
 g - 3 potions of haste {@q4}
 k - 2 potions of brilliance {unknown}
 l - a potion of flight {unknown}
 n - 2 potions of mutation {unknown}
 t - a potion of curing {unknown}
 C - 2 potions of invisibility {unknown}


   Skills:
 * Level 6.2 Fighting
 * Level 5.4 Axes
 * Level 6.1 Armour
 * Level 4.3 Dodging
 - Level 2.0 Stealth
 * Level 6.1 Shields


You had 7 spell levels left.
You didn't know any spells.
Your spell library was empty.

Dungeon Overview and Level Annotations

Branches:
Dungeon (6/15)             Temple (1/1) D:6

Altars:
Cheibriados
Dithmenos
Gozag
Hepliaklqana
Kikubaaqudgha
Makhleb
Nemelex Xobeh
Qazlal
Sif Muna
Trog
Lugonu


Innate Abilities, Weirdness & Mutations

You have a pair of horns on your head.
You reflexively headbutt those who attack you in melee.


Message History

You feel sick. The centaur closely misses you. The centaur barely misses you.
You completely miss the centaur.
The centaur is almost dead.
You feel sick.
You are no longer poisoned.
The centaur closely misses you.
The centaur kicks you but does no damage.
The centaur hits you but does no damage.
The centaur kicks you.
* * * LOW HITPOINT WARNING * * *
You hit the centaur but do no damage.
The centaur is almost dead.
You block the centaur's attack. The centaur kicks you.
* * * LOW HITPOINT WARNING * * *
You closely miss the centaur. You headbutt the centaur.
You kill the centaur!
Found a wand of flame (6).
Things that are here:
a +0 shortbow; a centaur corpse
There is a staircase to the Ecumenical Temple here.
You climb downwards.
Welcome to the Ecumenical Temple!
There is a staircase back to the Dungeon here.
Your extra speed is starting to run out.
You feel yourself slow down.
Key pressed, stopping explore.
HP restored.
Found a shadowy altar of Dithmenos and a snail-covered altar of Cheibriados.
Found an ancient bone altar of Kikubaaqudgha and a corrupted altar of Lugonu.
Found a stormy altar of Qazlal.
Found a hazy altar of Hepliaklqana.
Found two corrupted altars of Lugonu.
Found three altars.
Found a sparkling altar of Nemelex Xobeh.
There is a dry fountain here.
There is a corrupted altar of Lugonu here.
Done exploring.
Done exploring.
Done exploring.
Done exploring.
Done exploring.
Search for what [Enter for "amul", or ? for help]? oka Can't find anything matching that.
There is a shadowy altar of Dithmenos here.
There is an opulent altar of Gozag here.
You kneel at the altar of Gozag.
Gozag welcomes you!
You pay a service fee of 112 gold.
There is an ancient bone altar of Kikubaaqudgha here.
There is a staircase back to the Dungeon here.
You can't go down here!
Your library has no spells.
You climb upwards.
Welcome back to the Dungeon!
There is a staircase to the Ecumenical Temple here.
There is a fountain of clear blue water here.
You now have 242 gold pieces (gained 12).
Key pressed, stopping explore.
No target in view!
No target in view!
No target in view!
C - 2 brown potions No target in view!
No target in view!
No target in view!
Found a stone staircase leading down.
No target in view!
No target in view!
No target in view!
A gnoll sergeant comes into view. It is wielding a +0 spear.
The gnoll sergeant shouts!
A two-headed ogre comes into view.
It is wielding two +0 giant spiked clubs.
The two-headed ogre shouts in stereo!
You see here 8 gold pieces.
There are monsters nearby!
An adder comes into view.
The adder hisses angrily.
The two-headed ogre hits you with a +0 giant spiked club!! x2
The gnoll sergeant hits you from afar with a +0 spear.
* * * LOW HITPOINT WARNING * * *
You are too injured to fight recklessly!
You are too injured to fight recklessly!
There are monsters nearby!
You are too injured to fight recklessly!
You are too injured to fight recklessly!
You are too injured to fight recklessly!
There are monsters nearby!
You are too injured to fight recklessly!
You are too injured to fight recklessly!
You are too injured to fight recklessly!
There are monsters nearby!
You are too injured to fight recklessly!
You are too injured to fight recklessly!
You are too injured to fight recklessly!
There are monsters nearby!
As you read the scroll labelled ODEUDW HOKHU, it crumbles to dust.
It is a scroll of identify.
h - 2 scrolls of magic mapping You block the gnoll sergeant's attack.
The adder bites you but does no damage.
The two-headed ogre hits you with a +0 giant spiked club!!
You die...
Your body crumbles into a pile of gold.

##.........###
###.##.##.### #.##.
........../.. ....
.#.#.....#.## ...
...##...##.# #..
##.###.###.# .. ..#
#.###.# .#
#....#....######S##.#
#.##..#.....$..@Og..#
#.##.##.########.#.##
#.. #.# .# .... ..#
.. .........# #..
.......... ...
.....>..#. .### # #
..... . .# # #.#


You could see a two-headed ogre, a gnoll sergeant and an adder.

Vanquished Creatures
  Menkaure (D:6)
  A water moccasin (D:6)
  An ogre (D:5)
  A sky beast (D:6)
  2 centaurs
  3 scorpions
  2 jellies (D:6)
  An orc priest (D:4)
  2 hounds (D:4)
  3 iguanas
  An orc wizard (D:4)
  4 adders
  3 white imps
  An ufetubus (D:5)
  A dart slug (D:2)
  18 orcs
  6 ball pythons
  4 bats
  7 endoplasms
  2 giant cockroaches
  8 goblins
  5 hobgoblins
  3 quokkas
  2 frilled lizards
  10 kobolds
  3 rats (D:1)
95 creatures vanquished.

Notes
Turn   | Place    | Note
-------+----------+-------------------------------------------
     0 | D:1      | iguanaiguana the Minotaur Fighter began the quest for the
                  | Orb.
     0 | D:1      | Reached XP level 1. HP: 19/19 MP: 0/0
   433 | D:1      | Reached XP level 2. HP: 20/27 MP: 1/1
   916 | D:2      | Reached skill level 1 in Dodging
  1037 | D:2      | Reached XP level 3. HP: 33/33 MP: 2/2
  1590 | D:3      | Reached skill level 1 in Stealth
  1678 | D:3      | Noticed a scorpion
  1682 | D:3      | Killed a scorpion
  1683 | D:3      | Reached XP level 4. HP: 38/41 MP: 3/3
  1858 | D:3      | Found a shimmering blue altar of Sif Muna.
  2389 | D:3      | Reached XP level 5. HP: 39/47 MP: 4/4
  3162 | D:4      | Reached XP level 6. HP: 36/55 MP: 5/5
  3399 | D:5      | Entered Level 5 of the Dungeon
  3674 | D:5      | Reached skill level 5 in Fighting
  3887 | D:5      | HP: 1/56 [ogre/+0 giant club (21)]
  3889 | D:5      | Reached skill level 5 in Armour
  3889 | D:5      | Reached skill level 5 in Shields
  4353 | D:5      | Reached XP level 7. HP: 58/61 MP: 6/6
  5142 | D:6      | Noticed Menkaure
  5145 | D:6      | Killed Menkaure
  5146 | D:6      | Reached skill level 5 in Axes
  5211 | D:6      | Reached XP level 8. HP: 29/70 MP: 7/7
  5211 | D:6      | Found a staircase to the Ecumenical Temple.
  5227 | Temple   | Entered the Ecumenical Temple
  5548 | Temple   | Became a worshipper of Gozag Ym Sagoz the Greedy
  5594 | D:6      | Noticed a two-headed ogre
  5599 | D:6      | Slain by a two-headed ogre

Illustrated notes

Levels and vault maps discovered:
D:1:      tarquinn_simple_flora_water_a, layout_basic
D:2:      layout_loops_ring
D:3:      layout_loops_corners, mainiacjoe_overflow_cross_hatched
D:4:      layout_rooms
D:5:      layout_basic
D:6:      layout_loops_ring, minmay_temple_entry_large_hall, minmay_manual_mess,
          uniq_eustachio, uniq_menkaure, uniq_blork_the_orc
Temple:   corrupted_temple

Skill      XL: |  1  2  3  4  5  6  7 |
---------------+----------------------+-----
Dodging        | 1 2 3 4 |  4.3
Fighting       | 4 5 6 |  6.2
Shields        | 4 5 6 |  6.1
Axes           | 3 4 5 |  5.4
Armour         | 4 5 6 |  6.1
Stealth        | 1 2 |  2.0

Action                   |  1- 3 |  4- 6 |  7- 9 || total
-------------------------+-------+-------+-------++-------
Melee: War axe           |    90 |   110 |    59 ||   259
       Headbutt          |     8 |    14 |    11 ||    33
  Use: Potion            |       |       |     1 ||     1
       Scroll            |       |       |     1 ||     1
Armor: Scale mail        |    49 |     7 |       ||    56
       Chain mail        |       |    51 |    45 ||    96
Dodge: Dodged            |    56 |    33 |    19 ||   108
Block: Buckler           |    21 |    25 |    13 ||    59

Table legend: (Time is in decaauts)
 A = Elapsed time spent in this place.
 B = Non-inter-level travel time spent in this place.
 C = Inter-level travel time spent in this place.
 D = Time resting spent in this place.
 E = Time spent auto-exploring this place.
 F = Levels seen in this place.
 G = Mean time per level.
                   A        B        C        D        E       F      G
               +--------+--------+--------+--------+--------+-----+--------+
         Total |   5677 |   5409 |    268 |    448 |   4243 |   7 |  811.0 |
       Dungeon |   5347 |   5101 |    246 |    448 |   3946 |   6 |  891.2 |
        Temple |    329 |    307 |     22 |      0 |    297 |   1 |  329.0 |
               +--------+--------+--------+--------+--------+-----+--------+

Top non-repeatable levels by time:
     D:5: 1526 daAuts
     D:3: 1091 daAuts
     D:1: 895 daAuts
     D:4: 802 daAuts
     D:2: 673 daAuts
     D:6: 359 daAuts
  Temple: 329 daAuts
